 Dungeon Crawl Stone Soup version 0.29.1-15-g9cfb28693d (webtiles) character file.

Game seed: 9447702121955539120

2 Unvoiced the Trooper (level 1, 0/18 HPs)
             Began as a Demonspawn Abyssal Knight on May 1, 2023.
             Was a Believer of Lugonu.
             Frozen to death by an endoplasm (4 damage)
             ... on level 1 of the Dungeon.
             The game lasted 00:01:35 (162 turns).

Unvoiced the Trooper (Demonspawn Abyssal Knight)     Turns: 162, Time: 00:01:36

Health: 0/18       AC:  3    Str: 13    XL:     1   Next: 33%
Magic:  2/2        EV: 11    Int: 11    God:    Lugonu [**....]
Gold:   0          SH:  0    Dex: 13    Spells: 0/0 levels left

rFire   . . .      SeeInvis .   a - +1 spear
rCold   . . .      Faith    .   (no shield)
rNeg    . . .      Spirit   .   b - +0 leather armour
rPois   .          Reflect  .   (no helmet)
rElec   .          Harm     .   (no cloak)
rCorr   .          Rampage  .   (no gloves)
Will    .....                   (no boots)
Stlth   +.........              (no amulet)
HPRegen 0.06/turn               (no ring)
MPRegen 0.08/turn               (no ring)

@: no status effects
A: no striking features
a: Renounce Religion, Depart the Abyss, Bend Space


You were on level 1 of the Dungeon.
You worshipped Lugonu.
Lugonu was pleased with you.
You visited 1 branch of the dungeon, and saw 1 of its levels.
You visited the Abyss 1 time.

Inventory:

Hand Weapons
 a - a +1 spear (weapon)
Armour
 b - a +0 leather armour (worn)
Scrolls
 d - a scroll of identify {unknown}
Potions
 c - a potion of lignification {unknown}


   Skills:
 + Level 3.1 Fighting
 + Level 1.8 Polearms
 + Level 1.8 Armour
 + Level 0.8 Dodging
 + Level 2.4 Invocations


You couldn't memorise any spells.
You didn't know any spells.
Your spell library contained the following spells:

 Spells                   Type           Power      Damage    Failure   Level
 Shock                    Conj/Air       0%         1d3       41%         1
 Swiftness                Air            0%         N/A       80%         3
 Airstrike                Air            0%         2d(0-16)  99%         4


Dungeon Overview and Level Annotations

Branches:
Dungeon (1/15)

Altars:


Message History

The kobold barely misses you.
You closely miss the kobold.
The kobold is severely wounded.
The kobold hits you with a +0 dagger.
You barely miss the kobold.
The kobold is severely wounded.
The kobold hits you with a +0 dagger.
You closely miss the kobold.
The kobold is severely wounded.
The kobold hits you with a +0 dagger.
You hit the kobold.
You kill the kobold!
Lugonu accepts your kill.
You see here a +0 dagger.
d - a scroll labelled IMOGHUCEODY
Found a short sword.
An endoplasm comes into view.
The endoplasm quivers.
Found a scroll labelled WIWIQI LOEPTAD.
A goblin comes into view. It is wielding a +0 dagger.
You hit the endoplasm but do no damage.
The goblin shouts!
The endoplasm freezes you.
You are frozen.
You hit the endoplasm.
The endoplasm is heavily wounded.
The endoplasm freezes you.
You are frozen.
You hit the endoplasm.
The endoplasm is severely wounded.
The endoplasm misses you.
You barely miss the endoplasm.
The endoplasm is severely wounded.
The endoplasm hits you.
* * * LOW HITPOINT WARNING * * *
You hit the endoplasm but do no damage.
The endoplasm is severely wounded.
The endoplasm freezes you.
You are frozen.
You die...

#.........# #..# #.≈#
#.........###..# #.~≈?
#..............# #...≈.
#).####........###....≈.
#..# #........#...~~.≈.
#..# #..####..#......≈.
#..# #..# #).#.....#
#..####..# #........#
#........# #..#@#≈..#
#........####..#J# ..#
#..............#.. ~.#
#..###.........##.≈ ...
#..# #.........# .≈. ..
#..# #..#####..# .≈.. .
#..###..# #..# .≈...
#.......# ...#..
#.....>.#


You could see an endoplasm.

Vanquished Creatures
  2 kobolds (D:1)
2 creatures vanquished.

Notes
Turn   | Place    | Note
-------+----------+-------------------------------------------
     0 | Abyss:1  | Unvoiced the Demonspawn Abyssal Knight began the quest for
                  | the Orb.
     0 | Abyss:1  | Reached XP level 1. HP: 18/18 MP: 2/2
     1 | D:1      | Escaped the Abyss
   162 | D:1      | Frozen to death by an endoplasm

Illustrated notes

Levels and vault maps discovered:
D:1:      dpeg_arrival_boxorama, layout_rooms, serial_rivers,
          chequers_serial_rivers_large_b, chequers_serial_rivers_small_b,
          chequers_serial_rivers_large_a, chequers_serial_rivers_micro_e,
          chequers_serial_rivers_micro_e, shapermc_ecumenical_altar_flowoftime

Action                   || total
-------------------------++-------
Melee: Spear             ||    25
Armor: Leather armour    ||     2
Dodge: Dodged            ||    11
